 Dungeon Crawl Stone Soup version 0.16-a0-1212-geefc3ab (webtiles) character file.

3675 Qrupt the Hoplite (level 10, -24/82 HPs)
             Began as a Formicid Fighter on Oct 12, 2014.
             Was a Priest of Makhleb.
             Killed from afar by a fire dragon (shapeshifter) (38 damage)
             ... with a blast of flame
             ... on level 7 of the Dungeon.
             The game lasted 00:29:42 (9133 turns).

Qrupt the Hoplite (Formicid Fighter)                Turns: 9133, Time: 00:29:42

Health: -24/82     AC: 17    Str: 22 (23) XL:     10   Next: 34%
Magic:  13/13      EV:  6    Int:  9      God:    Makhleb [***...]
Gold:   430        SH: 11    Dex: 10      Spells: 0 memorised, 9 levels left

rFire  . . .     SeeInvis +     b - +3 spear
rCold  . . .     Clarity  .     J - +0 plate armour
rNeg   . . .     SustAb   .     c - +0 shield
rPois  .         Gourm    .     (helmet unavailable)
rElec  .         Spirit   .     l - +1 cloak
rCorr  .         Warding  .     D - +0 pair of gloves
rMut   +         Stasis   +     (no boots)
MR     +....                    f - amulet of resist mutation
Stlth  ..........               (no ring)
                                y - ring of flight

@: somewhat resistant to hostile enchantments, extremely unstealthy
A: permanent stasis, dig shafts and tunnels, four strong arms, antennae 3
a: Dig, Shaft Self, Minor Destruction, Lesser Servant of Makhleb, Renounce
Religion, Evoke Flight


You were on level 7 of the Dungeon.
You worshipped Makhleb.
Makhleb was most pleased with you.
You were near starving.

You visited 1 branch of the dungeon, and saw 7 of its levels.
You also visited: Sewer.

You collected 430 gold pieces.

Inventory:

Hand weapons
 a - a +0 trident
 b - a +3 spear (weapon)
Armour
 c - a +0 shield (worn)
 l - a +1 cloak (worn)
 D - a +0 pair of gloves (worn)
 J - a +0 plate armour (worn)
Magical devices
 F - a wand of disintegration (18)
 I - a wand of digging (11)
 K - a wand of frost (24)
Comestibles
 d - 10 bread rations
 j - 3 beef jerkies
 k - 2 meat rations
 A - 11 fruits
Scrolls
 h - 3 scrolls of magic mapping
 m - 2 scrolls of enchant weapon
 n - 2 scrolls of immolation {unknown}
 p - 2 scrolls of recharging
 q - 4 scrolls of identify
 r - a scroll of enchant armour {unknown}
 t - a scroll of noise {unknown}
 x - a scroll of amnesia {unknown}
 z - a scroll of random uselessness {unknown}
 B - 3 scrolls of blinking {unknown}
 E - 3 scrolls of remove curse
 H - a scroll of fog {unknown}
Jewellery
 f - an amulet of resist mutation (around neck)
 g - an uncursed ring of stealth
 o - an uncursed ring of ice
 y - a ring of flight (left hand)
Potions
 i - a potion of heal wounds
 u - 2 potions of invisibility
 v - a potion of restore abilities
 w - a potion of flight
 G - a potion of poison
Books
 C - a book of Flames

   Spells                             Type                      Level
   Flame Tongue                       Conjuration/Fire             1
   Throw Flame                        Conjuration/Fire             2
   Conjure Flame                      Conjuration/Fire             3
   Inner Flame                        Hexes/Fire                   3
   Sticky Flame                       Conjuration/Fire             4
   Fireball                           Conjuration/Fire             5


   Skills:
 - Level 8.5 Fighting
 - Level 7.5 Polearms
 - Level 8.3 Armour
 - Level 9.3 Shields
 + Level 0.0 Invocations


You had 9 spell levels left.
You didn't know any spells.

Dungeon Overview and Level Annotations

Branches:
Dungeon (7/15)             Temple (0/1) D:4

Altars:
Cheibriados
Fedhas
Makhleb
Nemelex Xobeh
Ru
Xom
Zin
The Shining One

Shops:
D:6 %


Innate Abilities, Weirdness & Mutations

Your are under a permanent stasis effect.
You can dig through walls and to a lower floor.
Your four strong arms can wield two-handed weapons with a shield.
You have a pair of large antennae on your head (SInv).


Message History

You hit the great orb of eyes but do no damage.
The great orb of eyes is moderately wounded.
The great orb of eyes gazes at you. You resist with significant effort.
You hit the great orb of eyes but do no damage.
The great orb of eyes is moderately wounded.
You hit the great orb of eyes but do no damage.
The great orb of eyes is moderately wounded.
You block the great orb of eyes' attack.
Your plate armour prevents you from hitting the great orb of eyes.
The great orb of eyes is moderately wounded.
The great orb of eyes changes into a fire dragon!
You closely miss the fire dragon.
The fire dragon is lightly wounded.
The fire dragon breathes flames at you. The blast of flame hits you!
* * * LOW HITPOINT WARNING * * *
The fire dragon breathes flames at you. The blast of flame hits you!
You die...

..#...####..# #.#
..#...#.)...# #.#
..#...#.....# #_#
_.#...#.....# #.#
...##.#..#### #.#
#.###.#..# #.#
...##.#..##### #.#
...#.....#.#.##########.#
...#.....)...#..@..D....#
...#.....##############.##
...#..........# ##.#
...#............ { #.#
...#....#####.# #.#
#######...# # ##. # #...#
# # #...# # #...#


You could see a fire dragon shaped shifter.

Vanquished Creatures
  Pikel (D:5)
  Joseph (D:7)
  A hippogriff (D:6)
  A spriggan (D:7)
  A steam dragon (D:6)
  Menkaure (D:6)
  2 orc warriors
  A necrophage (D:6)
  An ice beast (D:7)
  2 ogres
  A big kobold (Sewer)
  Duvessa (D:6)
  3 giant frogs
  Blork the orc (D:7)
  4 scorpions
  A hippogriff zombie (D:7)
  4 killer bees (D:7)
  The ghost of Psiweapon the Skirmisher, a weakling KoAK of Lugonu (D:3)
  3 crimson imps
  Dowan (D:6)
  A goliath beetle (D:6)
  2 iguanas
  5 orc wizards
  A hound (D:5)
  Natasha (thrice) (D:3)
  6 orc priests
  3 worker ants
  Ijyb (D:7)
  A sky beast zombie (D:7)
  An ogre skeleton (D:5)
  Terence (D:2)
  A green rat (Sewer)
  A steam dragon zombie (D:7)
  6 adders
  A shadow imp (D:7)
  6 giant mites
  An adder skeleton (D:5)
  6 giant geckos
  An ooze (D:3)
  23 orcs
  9 bats
  6 giant cockroaches
  8 goblins
  12 hobgoblins
  A quokka (D:3)
  2 ball pythons (D:3)
  3 giant newts
  A giant spore (D:7)
  10 jackals
  13 kobolds
  A kobold skeleton (D:6)
  A quokka skeleton (D:7)
  13 rats
  3 ballistomycetes (D:7)
186 creatures vanquished.

Vanquished Creatures (others)
  An ice beast (D:5)
1 creature vanquished.

Grand Total: 187 creatures vanquished

Notes
Turn   | Place    | Note
--------------------------------------------------------------
     0 | D:1      | Qrupt, the Formicid Fighter, began the quest for the Orb.
     0 | D:1      | Reached XP level 1. HP: 18/18 MP: 1/1
    73 | D:1      | Reached XP level 2. HP: 24/24 MP: 3/3
   384 | D:1      | Reached XP level 3. HP: 29/29 MP: 4/4
   620 | D:2      | Reached skill level 4 in Shields
   858 | D:2      | Noticed Terence
   882 | D:2      | Killed Terence
   882 | D:2      | Reached XP level 4. HP: 37/37 MP: 5/5
  1197 | D:3      | Found a glowing drain.
  1223 | D:3      | Reached XP level 5. HP: 24/42 MP: 7/7
  1226 | Sewer    | Entered a sewer
  1509 | Sewer    | Reached XP level 6. HP: 28/48 MP: 8/8
  1617 | Sewer    | Found a white marble altar of Elyvilon.
  1698 | D:3      | Noticed Natasha
  1713 | D:3      | Killed Natasha
  1713 | D:3      | Reached skill level 5 in Shields
  1861 | D:3      | Found a burning altar of Makhleb.
  1875 | D:3      | Became a worshipper of Makhleb the Destroyer
  2378 | D:3      | Noticed Natasha
  2390 | D:3      | Killed Natasha
  2770 | D:3      | Noticed Psiweapon's ghost (weakling KoAK)
  2783 | D:3      | Killed Psiweapon's ghost
  2936 | D:3      | Noticed Natasha
  2941 | D:3      | Killed Natasha
  3084 | D:4      | Found a blossoming altar of Fedhas.
  3529 | D:4      | Reached XP level 7. HP: 27/55 MP: 9/9
  3540 | D:4      | Reached skill level 5 in Fighting
  3698 | D:4      | Acquired Makhleb's first power
  3785 | D:4      | Reached skill level 5 in Armour
  4441 | D:4      | Found a staircase to the Ecumenical Temple.
  4748 | D:5      | Entered Level 5 of the Dungeon
  5215 | D:5      | Noticed Pikel
  5254 | D:5      | Killed Pikel
  5254 | D:5      | Reached skill level 6 in Fighting
  5254 | D:5      | Reached skill level 5 in Polearms
  5254 | D:5      | Reached XP level 8. HP: 61/64 MP: 11/11
  5376 | D:5      | Found a sacrificial altar of Ru.
  5650 | D:5      | Reached skill level 7 in Shields
  5653 | D:5      | Acquired Makhleb's second power
  5871 | D:6      | Reached XP level 9. HP: 43/71 MP: 12/12
  5914 | D:6      | Found a snail-covered altar of Cheibriados.
  5914 | D:6      | Noticed Dowan
  5948 | D:6      | Killed Dowan
  6242 | D:6      | Noticed Menkaure
  6272 | D:6      | Killed Menkaure
  6483 | D:6      | Found a glowing golden altar of the Shining One.
  6692 | D:6      | Found Khur's Food Boutique.
  6950 | D:6      | Reached skill level 8 in Shields
  7327 | D:6      | Noticed Duvessa
  7345 | D:6      | Killed Duvessa
  7623 | D:7      | Acquired Makhleb's third power
  7663 | D:7      | Found a glowing silver altar of Zin.
  7785 | D:7      | Reached XP level 10. HP: 43/80 MP: 13/13
  7933 | D:7      | Noticed an octopode
  7936 | D:7      | Noticed a fire crab
  7936 | D:7      | Found a shimmering altar of Xom.
  7938 | D:7      | Found a shimmering altar of Xom.
  7938 | D:7      | Found a shimmering altar of Xom.
  7940 | D:7      | Found a shimmering altar of Xom.
  7941 | D:7      | Found a shimmering altar of Xom.
  7951 | D:7      | an octopode changed into a raiju
  7961 | D:7      | Noticed Joseph
  7987 | D:7      | Killed Joseph
  7987 | D:7      | Reached skill level 9 in Shields
  8025 | D:7      | Noticed a faun
  8514 | D:7      | Noticed Blork the orc
  8526 | D:7      | Killed Blork the orc
  8578 | D:7      | Noticed Ijyb
  8595 | D:7      | Killed Ijyb
  9077 | D:7      | Found a sparkling altar of Nemelex Xobeh.
  9091 | D:7      | Noticed a great orb of eyes
  9124 | D:7      | Noticed a fire dragon
  9124 | D:7      | a great orb of eyes changed into a fire dragon
  9133 | D:7      | Killed from afar by a fire dragon (shapeshifter)

Action                   |  1- 3 |  4- 6 |  7- 9 | 10-12 || total
-------------------------+-------+-------+-------+-------++-------
Melee: Trident           |   124 |   309 |   605 |    90 ||  1128
       Spear             |       |       |       |   189 ||   189
  Use: Scroll            |       |     1 |     9 |       ||    10
       Potion            |       |     1 |     6 |     6 ||    13
 Stab: Confused          |       |       |       |     1 ||     1
  Eat: Chunk             |       |     7 |    10 |     2 ||    19
       Royal jelly       |       |     1 |       |       ||     1
       Fruit             |       |       |     3 |     2 ||     5
       Pizza             |       |       |     1 |       ||     1
